 Dungeon Crawl Stone Soup version 0.30-a0-610-gb513c0a51f (webtiles) character file.

Game seed: 17121921826478518439

8735 MacCMillion the Skirmisher (level 11, -15/58 HPs)
             Began as a Spriggan Hunter on Jan 8, 2023.
             Was a Priest of Okawaru.
             Demolished by a harpy simulacrum (19 damage)
             ... in an ice cave.
             The game lasted 00:30:32 (11196 turns).

MacCMillion the Skirmisher (Spriggan Hunter)       Turns: 11196, Time: 00:30:33

Health: -15/58     AC:  8    Str:  7    XL:     11   Next: 13%
Magic:  12/12      EV: 26    Int: 12    God:    Okawaru [***...]
Gold:   1059       SH:  0    Dex: 22    Spells: 10/10 levels left

rFire   . . .      SeeInvis +    a - +0 shortbow
rCold   . . .      Faith    .    (shield currently unavailable)
rNeg    . . .      Spirit   .    p - +1 robe of Duonu {Rampage Will+}
rPois   .          Reflect  .    (helmet restricted)
rElec   .          Harm     .    f - +0 cloak
rCorr   .          Rampage  +    (gloves unavailable)
Will    +++..                    (boots unavailable)
Stlth   ++                       e - amulet of regeneration
HPRegen 1.09/turn                l - ring of willpower
MPRegen 0.13/turn                k - +4 ring of protection

@: very quick
A: very small, no large weapons, unfitting armour, see invisible, speed 3
a: Renounce Religion, Heroism


You were in an ice cave.
You worshipped Okawaru.
Okawaru was most pleased with you.
You visited 3 branches of the dungeon, and saw 11 of its levels.
You also visited: Ice Cave.

You collected 1059 gold pieces.

Inventory:

Hand Weapons
 a - a +0 shortbow (weapon)
 L - a +0 arbalest
Armour
 c - a +0 robe
 f - a +0 cloak (worn)
 p - the +1 robe of Duonu (worn) {Rampage Will+}
   (You found it on level 8 of the Dungeon)

   Rampage:   It bestows one free step when moving towards enemies.
   Will:      It increases your willpower.
Jewellery
 e - an amulet of regeneration (around neck)
 i - a +6 ring of strength
 k - a +4 ring of protection (right hand)
 l - a ring of willpower (left hand)
 m - a ring of flight
 K - the ring of the Evening {rPois rC+ rCorr Dex-2}
   (You found it on level 9 of the Dungeon)

   [ring of resist corrosion]

   Dex:       It affects your dexterity (-2).
   rC:        It protects you from cold.
   rPois:     It protects you from poison.
   rCorr:     It protects you from acid and corrosion.
Wands
 w - a wand of quicksilver (7)
 F - a wand of polymorph (13)
 H - a wand of roots (3)
 I - a wand of flame (16)
Scrolls
 b - 3 scrolls of immolation
 d - 2 scrolls of torment {unknown}
 g - 4 scrolls of blinking
 h - 3 scrolls of vulnerability
 o - a scroll of butterflies {unknown}
 u - 2 scrolls of enchant weapon {unknown}
 v - a scroll of teleportation {unknown}
 x - 2 scrolls of noise {unknown}
 y - a scroll of poison {unknown}
Potions
 j - 2 potions of degeneration
 n - a potion of cancellation
 q - 4 potions of brilliance
 r - a potion of haste {unknown}
 t - 4 potions of attraction
 z - a potion of resistance {unknown}
 A - a potion of heal wounds {unknown}
 B - 2 potions of flight
 C - a potion of ambrosia {unknown}
 D - a potion of curing
 E - a potion of might {unknown}
 G - a potion of magic {unknown}


   Skills:
 + Level 6.9 Fighting
 + Level 14.0 Ranged Weapons
 - Level 10.0 Dodging
 - Level 2.0 Stealth


You had 10 spell levels left.
You didn't know any spells.
Your spell library contained the following spells:

 Spells                   Type           Power      Damage    Failure   Level
 Sublimation of Blood     Necr           0%         N/A       45%         2
 Wereblood                Tmut           0%         N/A       45%         2
 Summon Hydra             Summ           Unusable   N/A       N/A         7

Dungeon Overview and Level Annotations

Branches:
Dungeon (9/15)             Temple (1/1) D:7            Lair (1/5) D:9
    Orc (0/2) D:9           IceCv (1/1)

Altars:
Ashenzari
Cheibriados
Dithmenos
Elyvilon
Fedhas
Gozag
Hepliaklqana
Kikubaaqudgha
Makhleb
Nemelex Xobeh
Okawaru
Qazlal
Ru
Sif Muna
Uskayaw
Vehumet
Wu Jian
Xom
Yredelemnul
Zin
The Shining One

Shops:
D:3 :*

Annotations:
D:3 1 runed translucent door, Crazy Yiuf, Ijyb
D:7 Maggie


Innate Abilities, Weirdness & Mutations

You are very small and have problems with some larger weapons.
You are too small for most types of armour.
You have supernaturally acute eyesight. (SInv)
You cover ground extremely quickly. (Speed+++)


Message History

The arrow hits the harpy simulacrum but does no damage.
The harpy simulacrum is heavily damaged.
The harpy simulacrum barely misses you.
The harpy simulacrum claws you but does no damage.
The harpy simulacrum completely misses you.
The harpy simulacrum claws you. The harpy simulacrum freezes you!
You are too injured to fight recklessly!
You are too injured to fight recklessly!
Unknown command.
The harpy simulacrum attacks as you move away!
The harpy simulacrum misses you.
The harpy simulacrum claws you but does no damage.
The harpy simulacrum misses you.
The harpy simulacrum completely misses you.
The harpy simulacrum attacks as you move away!
The harpy simulacrum claws you but does no damage.
The harpy simulacrum claws you. The harpy simulacrum freezes you!
* * * LOW HITPOINT WARNING * * *
The harpy simulacrum misses you.
The harpy simulacrum closely misses you.
You are too injured to fight recklessly!
You are too injured to fight recklessly!
Unknown command.
Fire: a) +0 shortbow
Press: ? - help, Q - select action, (/) - cycle Shift-Dir - straight line, f/p - harpy simulacrum
Aim: a harpy simulacrum (heavily damaged, 85% to hit)
You shoot an arrow. The arrow hits the harpy simulacrum.
The harpy simulacrum is heavily damaged.
The harpy simulacrum claws you.
* * * LOW HITPOINT WARNING * * *
The harpy simulacrum freezes you!
* * * LOW HITPOINT WARNING * * *
The harpy simulacrum completely misses you.
Unknown command.
You feel better.
The harpy simulacrum completely misses you. x2
The harpy simulacrum claws you!
* * * LOW HITPOINT WARNING * * *
The harpy simulacrum freezes you!!
You die... ##....#.####..##### #...#....##..##.#[# #..####..##..##.#.## #ZZ

#..##....#..#.#
#..
##..###..#.##.##
.⌠Z
#...####..#####
...#
##...####..##
###.
###.Z.##...# .#
##.@.##..#
##......#
###...## #####


You could see a harpy simulacrum.

Vanquished Creatures
  Gastronok (Lair:1)
  A gargoyle (D:8)
  A kobold demonologist (D:9)
  A hornet (D:9)
  Prince Ribbit (D:7)
  5 yaks
  A wyvern (D:4)
  2 death yak simulacra (IceCv)
  A steam dragon (D:7)
  Edmund (D:4)
  An acid dragon (D:9)
  3 water moccasins
  8 orc warriors
  A sky beast (D:8)
  2 black bears
  3 ice beasts
  An ogre (D:5)
  6 centaurs
  6 phantoms
  A kobold brigand (D:9)
  A necrophage (D:5)
  2 bullfrogs
  2 gnoll sergeants
  5 scorpions
  2 cane toad simulacra
  5 wights
  10 killer bees
  A howler monkey (D:9)
  5 hounds
  4 jellies
  5 orc priests
  3 gnoll boudas (D:6)
  2 iguanas (D:5)
  5 orc wizards
  A spriggan simulacrum (IceCv)
  A wolf simulacrum (Lair:1)
  15 gnolls
  4 adders
  A naga simulacrum (IceCv)
  A shadow imp (D:6)
  A white imp (D:8)
  7 ufetubi
  2 dart slugs
  36 orcs
  17 bats
  7 endoplasms
  7 giant cockroaches
  8 goblins
  4 hobgoblins
  6 quokkas
  9 ball pythons
  6 frilled lizards
  7 kobolds
  4 rats
  A butterfly (D:9)
244 creatures vanquished.

Vanquished Creatures (others)
  A goblin (D:3)
  2 fungi (D:1)
  4 plants (D:1)
7 creatures vanquished.

Grand Total: 251 creatures vanquished

Notes
Turn   | Place    | Note
-------+----------+-------------------------------------------
     0 | D:1      | MacCMillion the Spriggan Hunter began the quest for the
                  | Orb.
     0 | D:1      | Reached XP level 1. HP: 10/10 MP: 2/2
    53 | D:1      | Reached XP level 2. HP: 14/14 MP: 3/3
   280 | D:1      | Found a faded altar of an unknown god.
   410 | D:1      | Reached XP level 3. HP: 18/18 MP: 4/4
   463 | D:1      | Reached skill level 5 in Ranged Weapons
   883 | D:2      | Reached XP level 4. HP: 22/22 MP: 5/5
  1306 | D:3      | Found Zin's Purification Station.
  1308 | D:3      | Found a glowing silver altar of Zin.
  1416 | D:3      | Found a white marble altar of Elyvilon.
  1511 | D:3      | Found a runed translucent door.
  1512 | D:3      | Noticed Crazy Yiuf
  1556 | D:3      | Noticed Ijyb
  1675 | D:3      | Found Fyduk's Vocational Training.
  1758 | D:4      | Reached skill level 6 in Ranged Weapons
  1760 | D:4      | Identified the +1 chain mail of Ucouff {rF+++ Regen+ Str+3
                  | Int-3}
  1830 | D:4      | Reached XP level 5. HP: 25/25 MP: 6/6
  2084 | D:4      | Noticed Edmund
  2139 | D:4      | Killed Edmund
  2140 | D:4      | Reached skill level 7 in Ranged Weapons
  2140 | D:4      | Reached XP level 6. HP: 30/30 MP: 7/7
  2410 | D:4      | Noticed a wyvern
  2692 | D:4      | Killed a wyvern
  2693 | D:4      | Reached skill level 8 in Ranged Weapons
  2693 | D:4      | Reached XP level 7. HP: 33/33 MP: 8/8
  3105 | D:5      | Entered Level 5 of the Dungeon
  3151 | D:5      | Found a radiant altar of Vehumet.
  3151 | D:5      | Found an ornate altar of the Wu Jian Council.
  3575 | D:5      | Noticed a yak
  3576 | D:5      | Noticed a yak
  3578 | D:5      | Noticed a yak
  3607 | D:5      | Killed a yak
  3608 | D:5      | Reached skill level 9 in Ranged Weapons
  3869 | D:5      | Killed a yak
  3871 | D:5      | Killed a yak
  3872 | D:5      | Reached skill level 10 in Ranged Weapons
  3872 | D:5      | Reached XP level 8. HP: 37/37 MP: 9/9
  3936 | D:5      | Found a sparkling altar of Nemelex Xobeh.
  4234 | D:5      | Reached skill level 11 in Ranged Weapons
  5096 | D:5      | Reached XP level 9. HP: 43/43 MP: 10/10
  5350 | D:6      | Reached skill level 12 in Ranged Weapons
  5707 | D:6      | Reached skill level 5 in Dodging
  6579 | D:7      | Noticed Prince Ribbit
  6627 | D:7      | Killed Prince Ribbit
  6999 | D:7      | Noticed Maggie
  7169 | D:7      | Found a staircase to the Ecumenical Temple.
  7420 | D:7      | You fall into a shaft and drop 2 floors!
  7442 | D:9      | Found a shimmering altar of Xom.
  7650 | D:9      | Found a staircase to the Lair.
  7875 | D:9      | Reached XP level 10. HP: 51/51 MP: 11/11
  7887 | D:9      | Found a staircase to the Orcish Mines.
  8117 | D:8      | Identified the +1 robe of Duonu {Rampage Will+}
  8261 | D:7      | Found a basalt altar of Yredelemnul.
  8385 | Temple   | Entered the Ecumenical Temple
  8462 | Temple   | Became a worshipper of Warmaster Okawaru
  8535 | D:7      | Reached skill level 5 in Fighting
  8535 | D:7      | Reached skill level 13 in Ranged Weapons
  8728 | D:8      | Noticed a gargoyle
  8792 | D:8      | Killed a gargoyle
  9175 | D:9      | Identified the ring of the Evening {rPois rC+ rCorr Dex-2}
  9352 | D:9      | Paralysed by a hornet for 2 turns
  9353 | D:9      | Reached * piety under Okawaru
 10124 | D:9      | Noticed a sun demon
 10130 | D:9      | Reached ** piety under Okawaru
 10561 | Lair:1   | Entered Level 1 of the Lair of Beasts
 10561 | Lair:1   | Noticed Gastronok
 10582 | Lair:1   | Killed Gastronok
 10582 | Lair:1   | Reached *** piety under Okawaru
 10583 | Lair:1   | Reached skill level 10 in Dodging
 10583 | Lair:1   | Reached XP level 11. HP: 26/58 MP: 12/12
 10722 | Lair:1   | Found a frozen archway.
 10788 | IceCv    | Entered an ice cave
 10795 | IceCv    | Reached skill level 14 in Ranged Weapons
 11196 | IceCv    | Demolished by a harpy simulacrum

Illustrated notes

Levels and vault maps discovered:
D:1:      lordsloth_arrival_two_stooges, layout_rooms,
          dreamdust_ecumenical_altar_hidden_monk_grotto, minmay_pentomino_o4
D:2:      layout_basic, eino_tiny_chamber, minmay_misc_feat_columns,
          reono_crystal_passage
D:3:      layout_rooms, zin_purify, elyvilon_altar_4, serial_rivers,
          chequers_serial_rivers_small_b, chequers_serial_rivers_large_a,
          chequers_serial_rivers_micro_e, chequers_serial_rivers_micro_b,
          chequers_serial_rivers_small_b, chequers_serial_rivers_room_b,
          nicolae_shop_vocational, uniq_crazy_yiuf_cottage, uniq_ijyb
D:4:      layout_basic, uniq_edmund
D:5:      layout_loops_corners, nemelex_dance_club_becter,
          nicolae_overflow_two_pavilions, roderic_roman_lattice,
          grunt_ministairs_12
D:6:      layout_loops_ring, minmay_fractal_squares_5
D:7:      layout_basic, marbit_many_paths, minmay_temple_entry_fiery,
          uniq_prince_ribbit1, uniq_maggie
D:8:      layout_basic, roderic_batcave, chequers_serial_rivers_micro_b
D:9:      minmay_polygon_palace, layout_irregular_city, xom_butterflies,
          lair_entry_dummy, hiddenorc2_lemuel
Temple:   regret_index_temple_waves
Lair:1:   layout_long_grid, gammafunk_ghost_ooze,
          portal_ice_cave_entry_ice_simulacra, uniq_gastronok
IceCv:    ice_cave_caverns_02

Skill      XL: |  1  2  3  4  5  6  7  8  9 10 11 |
---------------+----------------------------------+-----
Stealth        | 2 |  2.0
Ranged Weapons | 5 6 7 8 10 11 12 13 14 | 14.0
Dodging        | 4 7 10 | 10.0
Fighting       | 2 4 6 |  6.9

Action                   |  1- 3 |  4- 6 |  7- 9 | 10-12 || total
-------------------------+-------+-------+-------+-------++-------
 Fire: Shortbow          |   108 |   137 |   570 |   457 ||  1272
       Arbalest          |       |       |       |    20 ||    20
Evoke: Wand              |       |       |       |     1 ||     1
  Use: Scroll            |       |       |     5 |     6 ||    11
       Potion            |       |       |       |     4 ||     4
Armor: Robe              |     3 |     5 |    17 |    23 ||    48
Dodge: Dodged            |    27 |    30 |   109 |   273 ||   439

Table legend: (Time is in decaauts)
 A = Elapsed time spent in this place.
 B = Non-inter-level travel time spent in this place.
 C = Inter-level travel time spent in this place.
 D = Time resting spent in this place.
 E = Time spent auto-exploring this place.
 F = Levels seen in this place.
 G = Mean time per level.
                   A        B        C        D        E       F      G
               +--------+--------+--------+--------+--------+-----+--------+
         Total |   8063 |   7697 |    366 |   1878 |   2815 |  12 |  671.9 |
       Dungeon |   7483 |   7127 |    356 |   1620 |   2765 |   9 |  831.4 |
        Temple |     60 |     50 |     10 |      0 |     35 |   1 |   60.0 |
          Lair |    169 |    169 |      0 |     25 |      3 |   1 |  169.0 |
      Ice Cave |    350 |    350 |      0 |    233 |     10 |   1 |  350.0 |
               +--------+--------+--------+--------+--------+-----+--------+

Top non-repeatable levels by time:
     D:5: 1541 daAuts
     D:9: 1414 daAuts
     D:4: 977 daAuts
     D:6: 902 daAuts
     D:7: 878 daAuts
     D:8: 567 daAuts
     D:1: 478 daAuts
     D:2: 451 daAuts
   IceCv: 350 daAuts
     D:3: 273 daAuts
  Lair:1: 169 daAuts
  Temple: 60 daAuts
